 Dungeon Crawl Stone Soup version 0.30-a0-723-gc1506a1cf0 (webtiles) character file.

Game seed: 8692920126137402219

56 Leeroy the Grasshopper (level 3, -4/31 HPs)
             Began as a Gnoll Warper on Jan 28, 2023.
             Slain by Crazy Yiuf
             ... wielding a +2 quarterstaff of chaos
              (12 damage)
             ... on level 2 of the Dungeon.
             The game lasted 00:01:47 (1561 turns).

Leeroy the Grasshopper (Gnoll Warper)               Turns: 1561, Time: 00:01:47

Health: -4/31      AC:  3    Str: 10    XL:     3   Next: 97%
Magic:  9/9        EV: 13    Int: 12    God:
Gold:   151        SH:  0    Dex: 13    Spells: 12/12 levels left

rFire   . . .      SeeInvis .    a - +0 falchion
rCold   . . .      Faith    .    (no shield)
rNeg    . . .      Spirit   .    b - +0 leather armour
rPois   .          Reflect  .    (no helmet)
rElec   .          Harm     .    (no cloak)
rCorr   .          Rampage  .    (no gloves)
Will    .....                    (no boots)
Stlth   +                        (no amulet)
HPRegen 0.25/turn                (no ring)
MPRegen 0.11/turn                (no ring)

@: confused
A: fangs 1, strong nose, distributed training
a: no special abilities


You were on level 2 of the Dungeon.
You visited 1 branch of the dungeon, and saw 2 of its levels.

You collected 151 gold pieces.

Inventory:

Hand Weapons
 a - a +0 falchion (weapon)
 i - a +1 mace of holy wrath
 o - a +1 sling of freezing
Missiles
 d - 5 boomerangs of dispersal (quivered)
 j - 5 javelins
 p - 9 poisoned darts
Armour
 b - a +0 leather armour (worn)
Jewellery
 q - a +6 ring of strength
Scrolls
 c - a scroll of blinking
 f - a scroll of enchant weapon {unknown}
 g - a scroll of immolation {unknown}
 h - a scroll of noise {unknown}
 m - a scroll of poison {unknown}
 n - 3 scrolls of torment {unknown}
Potions
 e - 2 potions of curing {unknown}
 k - a potion of cancellation {unknown}
 l - a potion of might {unknown}


   Skills:
 + Level 4.6 Fighting
 + Level 1.0 Short Blades
 + Level 4.6 Long Blades
 + Level 1.0 Axes
 + Level 1.0 Maces & Flails
 + Level 1.0 Polearms
 + Level 1.0 Staves
 + Level 1.0 Ranged Weapons
 + Level 2.7 Throwing
 + Level 2.7 Armour
 + Level 4.6 Dodging
 + Level 1.0 Stealth
 + Level 1.0 Shields
 + Level 1.0 Unarmed Combat
 + Level 5.0 Spellcasting
 + Level 0.7 Conjurations
 + Level 0.7 Hexes
 + Level 0.7 Summonings
 + Level 0.7 Necromancy
 + Level 5.4 Translocations
 + Level 0.7 Transmutations
 + Level 0.7 Fire Magic
 + Level 0.7 Ice Magic
 + Level 0.7 Air Magic
 + Level 0.7 Earth Magic
 + Level 0.7 Poison Magic
 + Level 1.1 Invocations
 + Level 1.0 Evocations


You had 12 spell levels left.
You didn't know any spells.
Your spell library contained the following spells:

 Spells                   Type           Power      Damage    Failure   Level
 Blink                    Tloc           32%        N/A       4%          2
 Lesser Beckoning         Tloc           32%        N/A       4%          2
 Teleport Other           Tloc           16%        N/A       9%          3
 Vhi's Electric Charge    Tloc/Air       20%        N/A       22%         3
 Manifold Assault         Tloc           16%        N/A       28%         4


Dungeon Overview and Level Annotations

Branches:
Dungeon (2/15)

Altars:

Annotations:
D:2 Crazy Yiuf


Innate Abilities, Weirdness & Mutations

You have very sharp teeth.
Your uncanny sense of smell can sniff out nearby items.
Your experience applies equally to all skills.


Message History

Crazy Yiuf shouts!
Crazy Yiuf yells, "Leather return to song meccalolo!"
You see here 3 stones.
e - 2 fuming green potions (gained 1)
q - a +6 ring of strength You now have 151 gold pieces (gained 2).
You see here a +0 whip.
No reachable target in view!
No reachable target in view!
No reachable target in view!
No reachable target in view!
No reachable target in view!
You open the door. You hit Crazy Yiuf.
Crazy Yiuf is moderately wounded.
Crazy Yiuf hits you with a +2 quarterstaff of chaos.
You hit Crazy Yiuf but do no damage.
Crazy Yiuf is moderately wounded.
Crazy Yiuf glowers.
Crazy Yiuf zaps a wand.
The bolt of light misses you.
You hit Crazy Yiuf. Your bite misses Crazy Yiuf.
Crazy Yiuf is moderately wounded.
Crazy Yiuf barely misses you.
You hit Crazy Yiuf but do no damage. Your bite misses Crazy Yiuf.
Crazy Yiuf is moderately wounded.
Crazy Yiuf closely misses you.
You hit Crazy Yiuf but do no damage.
Crazy Yiuf is moderately wounded.
Crazy Yiuf zaps a wand.
The bolt of light hits you!
You are confused.
Ouch! That really hurt!
You closely miss Crazy Yiuf.
Crazy Yiuf is moderately wounded.
Crazy Yiuf hits you with a +2 quarterstaff of chaos.
* * * LOW HITPOINT WARNING * * *
Crazy Yiuf freezes you.
* * * LOW HITPOINT WARNING * * *
Crazy Yiuf attacks as you move away!
Crazy Yiuf hits you with a +2 quarterstaff of chaos!
You die...

........†##....#..........#.#####
............####.#..#######......
...#####............# #####..
...# #.############ #.. ...# #.#
#######.# ...# ### #........ ####
### ♣♣###.####.# ..# #)..#♣♣
♣♣.#...# #.# ..#
#...g@♣♣♣♣......####.# ..#
#...#♣..♣.......#.##.# ..# ###
♣♣♣.♣..#.....##.# ..# ######
♣♣♣♣♣#####.##.. ..# #....#
#..#.####
..###.###################....# #
#...#.# #......#...#.###...# #
###.#.##########.#..<.....#..###
#..÷#.....# #.#.............#


You could see Crazy Yiuf.

Vanquished Creatures
  An adder (D:2)
  A gnoll (D:1)
  A dart slug (D:2)
  2 bats
  4 endoplasms
  4 giant cockroaches
  4 hobgoblins
  6 kobolds
  2 quokkas
  3 ball pythons
  A frilled lizard (D:2)
  2 goblins
  4 rats
35 creatures vanquished.

Notes
Turn   | Place    | Note
-------+----------+-------------------------------------------
     0 | D:1      | Leeroy the Gnoll Warper began the quest for the Orb.
     0 | D:1      | Reached XP level 1. HP: 20/20 MP: 6/6
   230 | D:1      | Reached XP level 2. HP: 26/26 MP: 7/7
   245 | D:1      | HP: 1/26 [gnoll/+0 spear (8)]
   278 | D:1      | HP: 1/26 [rat (1)]
   429 | D:1      | Reached skill level 5 in Spellcasting
   429 | D:1      | Reached XP level 3. HP: 26/31 MP: 7/9
   671 | D:2      | Reached skill level 1 in Invocations
   872 | D:2      | Reached skill level 1 in Short Blades
   872 | D:2      | Reached skill level 1 in Axes
   872 | D:2      | Reached skill level 1 in Maces & Flails
   872 | D:2      | Reached skill level 1 in Polearms
   872 | D:2      | Reached skill level 1 in Staves
   872 | D:2      | Reached skill level 1 in Ranged Weapons
   872 | D:2      | Reached skill level 1 in Stealth
   872 | D:2      | Reached skill level 1 in Shields
   872 | D:2      | Reached skill level 1 in Unarmed Combat
   872 | D:2      | Reached skill level 1 in Evocations
  1308 | D:2      | Found a faded altar of an unknown god.
  1422 | D:2      | Found a runed translucent door.
  1423 | D:2      | Noticed Crazy Yiuf
  1561 | D:2      | Slain by Crazy Yiuf

Illustrated notes

Levels and vault maps discovered:
D:1:      dpeg_arrival_oval, layout_rooms, minmay_pentomino_t2
D:2:      layout_basic, dreamdust_ecumenical_altar_hidden_monk_grotto,
          serial_corexii_hall, chequers_hall_statues_corner_a,
          corexii_hall_statues_s, uniq_crazy_yiuf_cottage

Skill      XL: |  1  2  3 |
---------------+----------+-----
Spellcasting   | 5 |  5.0
Invocations    | 1 |  1.1
Short Blades   | 1 |  1.0
Axes           | 1 |  1.0
Maces & Flails | 1 |  1.0
Polearms       | 1 |  1.0
Staves         | 1 |  1.0
Ranged Weapons | 1 |  1.0
Stealth        | 1 |  1.0
Shields        | 1 |  1.0
Unarmed Combat | 1 |  1.0
Evocations     | 1 |  1.0
Fighting       | |  4.6
Long Blades    | |  4.6
Throwing       | |  2.7
Armour         | |  2.7
Dodging        | |  4.6
Conjurations   | |  0.7
Hexes          | |  0.7
Summonings     | |  0.7
Necromancy     | |  0.7
Translocations | |  5.4
Transmutations | |  0.7
Fire Magic     | |  0.7
Ice Magic      | |  0.7
Air Magic      | |  0.7
Earth Magic    | |  0.7
Poison Magic   | |  0.7

Action                     || total
---------------------------++-------
  Melee: Falchion          ||   124
         Bite              ||     7
         Punch             ||     1
  Throw: Boomerang         ||     2
   Stab: Sleeping          ||     2
 Armour: Leather armour    ||    24
  Dodge: Dodged            ||    94

Table legend: (Time is in decaauts)
 A = Elapsed time spent in this place.
 B = Non-inter-level travel time spent in this place.
 C = Inter-level travel time spent in this place.
 D = Time resting spent in this place.
 E = Time spent auto-exploring this place.
 F = Levels seen in this place.
 G = Mean time per level.
                   A        B        C        D        E       F      G
               +--------+--------+--------+--------+--------+-----+--------+
         Total |   1571 |   1571 |      0 |      0 |   1264 |   2 |  785.5 |
       Dungeon |   1571 |   1571 |      0 |      0 |   1264 |   2 |  785.5 |
               +--------+--------+--------+--------+--------+-----+--------+

Top non-repeatable levels by time:
     D:2: 969 daAuts
     D:1: 601 daAuts
